 Dungeon Crawl Stone Soup version 0.31.0-1-g2c135a008e (webtiles) character file.

Game seed: 9991697914727614031

1614 qw the Shooter (level 9, -4/65 HPs)
             Began as a Djinni Hunter on Jan 23, 2024.
             Slain by an orc warrior
             ... wielding a +0 hand axe
              (10 damage)
             ... on level 6 of the Dungeon.
             The game lasted 00:09:50 (17903 turns).

qw the Shooter (Djinni Hunter)                     Turns: 17903, Time: 00:09:51

Health: -4/65      AC:  4    Str: 10    XL:     9   Next: 16%
Gold:   342        EV: 16    Int: 10    God:
                   SH:  0    Dex: 22

rFire   + + +        a - +2 shortbow (drain)
rCold   x . .        (shield currently unavailable)
rNeg    . . .        b - +2 robe {rF+}
rPois   inf          (no helmet)
rElec   .            (no cloak)
rCorr   .            (no gloves)
SInv    .            (boots unavailable)
Will    .....        (no amulet)
Stlth   ++           (no ring)
HPRegen 0.30/turn    (no ring)
MPRegen 0.00/turn

%: infuse magic (-5 HP)
@: about to teleport, flying
A: sickness immunity, fire resistance 2, cold vulnerability 1, float, innate
caster, HP casting, extra vitality 1
a: no special abilities


You were on level 6 of the Dungeon.
You visited 2 branches of the dungeon, and saw 7 of its levels.

You collected 342 gold pieces.


Innate Abilities, Weirdness & Mutations

You are immune to sickness and miasma.
You are immune to poison.
Your flesh is very heat resistant. (rF++)
You are vulnerable to cold. (rC-)
You float through the air rather than walking.
You learn spells naturally, not from books.
Your magical power is your life essence.
You have superior vitality. (+4 MHP)


   Skills:
 - Level 5.2 Fighting
 + Level 7.8 Ranged Weapons
 - Level 6.0 Dodging
 - Level 0.7 Stealth


You knew the following spells:

 Your Spells              Type           Power      Damage    Failure   Level
a - Foxfire               Conj/Fire      0%         2x1d4     36%         1
b - Mercury Vapours       Alch/Air       0%         N/A       50%         2
c - Call Imp              Summ           0%         N/A       50%         2
d - Passwall              Erth           0%         N/A       75%         3
Your spell library was empty.

Inventory:

Hand Weapons
 a - a +2 shortbow of draining (weapon)
Armour
 b - a +2 robe of fire resistance (worn)
Wands
 c - a wand of iceblast (5)
 f - a wand of digging (8)
Scrolls
 h - a scroll of identify
 j - a scroll of enchant armour
Potions
 e - a potion of might
 g - a potion of invisibility {unknown}
 i - a potion of mutation {unknown}
 k - a potion of haste {unknown}

Dungeon Overview and Level Annotations

Branches:
Dungeon (6/15)             Temple (1/1) D:4

Altars:
Ashenzari
Cheibriados
Dithmenos
Elyvilon
Fedhas
Gozag
Hepliaklqana
Makhleb
Qazlal
Ru
Trog
Uskayaw
Wu Jian
Xom
Yredelemnul
The Shining One

Shops:
D:5 :

Annotations:
D:4 3 runed translucent doors, qw's ghost, amateur GrHu
D:6 Edmund


Message History

17903 ||| Ran go_down_abyss: false
17903 ||| Ran move_towards_abyssal_feature: false
17903 ||| Ran move_towards_abyssal_rune: false
17903 ||| Ran explore_near_runelights: false
17903 ||| Ran abyss: false;
17903 ||| Ran stairdance_up: false
17903 ||| Ran non_melee_berserk: false
17903 ||| Ran special_purification: false
17903 ||| Ran cure_confusion: false;
17903 ||| Ran teleport: false
17903 ||| Ran cancellation: false
17903 ||| Ran remove_terrible_jewellery: false
17903 ||| Ran cure_bad_poison: false;
17903 ||| Ran blinking: false
17903 ||| Ran drain_life: false;
17903 ||| Ran heal_wounds: false
17903 ||| Ran trogs_hand: false;
17903 ||| Ran cloud_step: false
17903 ||| Ran escape_net: false;
17903 ||| Ran wait_confusion: false
17903 ||| Ran zig_fog: false;
17903 ||| Ran flee: false
17903 ||| Ran retreat: false;
17903 ||| Ran tactical_step: false
17903 ||| Ran tomb2_arrival: false;
17903 ||| Ran tomb3_arrival: false
17903 ||| Ran magic_points: false
17903 ||| Ran try_cleansing_flame: false
17903 ||| Ran divine_warrior: false;
17903 ||| Ran brothers_in_arms: false
17903 ||| Ran greater_servant: false;
17903 ||| Ran try_apocalypse: false
17903 ||| Ran try_slouch: false
17903 ||| Ran try_hydra_destruction: false
17903 ||| Ran grand_finale: false;
17903 ||| Ran fiery_armour: false
17903 ||| Ran try_dig_grate: false;
17903 ||| Ran wield_weapon: false
17903 ||| Ran swap_weapon: false;
17903 ||| Ran resistance: false
17903 ||| Ran finesse: false;
17903 ||| Ran heroism: false
17903 ||| Ran haste: false;
17903 ||| Ran might: false
17903 ||| Ran recall: false
17903 ||| Ran try_recall_ancestor: false
17903 ||| Ran try_recite: false;
17903 ||| Ran berserk: false
17903 ||| Ran emergency: false;
17903 ||| Ran starting_spell: false
17903 ||| Ran poison_spit: false;
17903 ||| Ran attack_wand: false You shoot an arrow.
The orc wizard shouts!
The arrow hits the orc warrior.
You drain the orc warrior.
The orc warrior is moderately wounded.
17903 ||| Ran launcher: true;
17903 ||| Ran attack: nil The orc warrior hits you with a +0 hand axe!
You die...

.........<.). ..#######...... '
..#..$.$#..<... #. ..#.$$$.#......
.># ..####'######..o.o_$.#.#....
..#.................#o....#.#..(.
..#.................#.....#.+....
..'.... .......o...#######.#....
..#... #.....@...........#....
..#'### ####.##5.##....#..#....
#.....# # ..# #..####. #.....#
.... #.....#. #.....###### .....
#.....'. #...!......'. .......
#[....#. #)@).......#.> .......
#[....#.
#o.........##5############(....#.
....######.ยค......~~.....~~~#####


You could see an orc warrior (drained), an orc priest, an orc wizard, a white
imp and an orc.

Vanquished Creatures
  Sigmund (D:2)
  Menkaure (D:6)
  A black bear (D:4)
  An orc warrior (D:6)
  2 ogres (D:5)
  A centaur (D:6)
  A phantom (D:6)
  A bullfrog (D:6)
  2 scorpions
  2 bombardier beetles
  A hound (D:3)
  2 orc priests
  A jelly (D:4)
  Jessica (D:3)
  3 iguanas
  7 orc wizards
  3 gnolls (D:5)
  2 adders
  A shadow imp (D:6)
  3 dart slugs
  4 ribbon worms
  23 orcs
  4 endoplasms
  5 giant cockroaches
  6 goblins
  4 hobgoblins
  5 kobolds
  5 quokkas
  6 ball pythons
  5 bats
  2 frilled lizards
  5 rats
111 creatures vanquished.

Notes
Turn   | Place    | Note
-------+----------+-------------------------------------------
     0 | D:1      | qw the Djinni Hunter began the quest for the Orb.
     0 | D:1      | Reached XP level 1. HP: 18/18 MP: 0/0
     0 | D:1      | 0 ||| qw: Version: 0.3-a-132-g3d54051
     0 | D:1      | 0 ||| qw: Game counter: 639
     0 | D:1      | 0 ||| qw: Melee chars always use a shield: true
     0 | D:1      | 0 ||| qw: God list: Okawaru
     0 | D:1      | 0 ||| qw: Allow faded altars: false
     0 | D:1      | 0 ||| qw: Do Orc after clearing Dungeon:15 true
     0 | D:1      | 0 ||| qw: Do second Lair branch before Depths: true
     0 | D:1      | 0 ||| qw: Lair rune preference: random
     0 | D:1      | 0 ||| qw: Goals: Normal
     0 | D:1      | 0 ||| PLANNING D:1-11
   122 | D:1      | Reached XP level 2. HP: 23/23 MP: 0/0
   600 | D:1      | 600 ||| READING scroll labelled NITTIH JOR.
   601 | D:1      | 601 ||| READING scroll labelled QEOROBR MAKO.
   645 | D:1      | 645 ||| READING scroll labelled KETHOXOIROTH.
   648 | D:1      | 648 ||| DRINKING 2 pink potions.
   649 | D:1      | 649 ||| DROPPING scroll of butterflies.
   683 | D:2      | 683 ||| STAIRDANCE
   810 | D:2      | Reached skill level 4 in Ranged Weapons
   810 | D:2      | Reached XP level 3. HP: 28/28 MP: 0/0
   810 | D:2      | Learned a level 1 spell: Foxfire
  1154 | D:2      | Identified the +7 hand axe of the Twisting Gods {pain,
                  | ^Fragile +Blink rPois rF-}
  1251 | D:2      | Noticed Sigmund
  1260 | D:2      | HP: 5/29 [Sigmund/+1 vampiric scythe (10)]
  1261 | D:2      | 1261 ||| DRINKING potion of heal wounds.
  1267 | D:2      | 1267 ||| DRINKING emerald potion.
  1268 | D:2      | Killed Sigmund
  1269 | D:2      | Reached XP level 4. HP: 35/39 MP: 0/0
  1269 | D:2      | Reached XP level 5. HP: 39/43 MP: 0/0
  1269 | D:2      | Learned a level 2 spell: Mercury Vapours
  1269 | D:2      | Reached XP level 6. HP: 44/49 MP: 0/0
  1269 | D:2      | 1269 ||| FLEEEEING.
  1330 | D:2      | Found a faded altar of an unknown god.
  1537 | D:2      | 1537 ||| UPGRADING to +2 robe of fire resistance.
  1547 | D:2      | 1547 ||| DROPPING +0 leather armour.
  1548 | D:2      | 1548 ||| READING scroll labelled BEIPTU JOTYTZ.
  1548 | D:2      | 1548 ||| IDENTIFYING fuming amethyst potion
  1549 | D:2      | 1549 ||| READING scroll labelled MASAOCOEJI.
  1550 | D:2      | 1550 ||| DROPPING potion of ambrosia.
  1605 | D:3      | Found an opulent altar of Gozag.
  1715 | D:3      | Found a hazy altar of Hepliaklqana.
  1861 | D:3      | Reached skill level 3 in Dodging
  1863 | D:3      | Noticed Jessica
  1869 | D:3      | 1869 ||| FLEEEEING.
  1870 | D:3      | 1870 ||| FLEEEEING.
  1871 | D:3      | 1871 ||| FLEEEEING.
  1875 | D:3      | 1875 ||| FLEEEEING.
  1876 | D:3      | 1876 ||| FLEEEEING.
  1877 | D:3      | 1877 ||| FLEEEEING.
  1878 | D:3      | 1878 ||| FLEEEEING.
  1879 | D:3      | 1879 ||| FLEEEEING.
  1880 | D:3      | 1880 ||| FLEEEEING.
  1881 | D:3      | 1881 ||| FLEEEEING.
  1882 | D:3      | 1882 ||| FLEEEEING.
  1883 | D:3      | 1883 ||| FLEEEEING.
  1884 | D:3      | 1884 ||| FLEEEEING.
  1885 | D:3      | 1885 ||| FLEEEEING.
  1892 | D:3      | 1892 ||| FLEEEEING.
  1893 | D:3      | 1893 ||| FLEEEEING.
  1894 | D:3      | 1894 ||| FLEEEEING.
  1895 | D:3      | 1895 ||| FLEEEEING.
  1896 | D:3      | 1896 ||| FLEEEEING.
  1897 | D:3      | 1897 ||| FLEEEEING.
  1898 | D:3      | 1898 ||| FLEEEEING.
  1899 | D:3      | 1899 ||| FLEEEEING.
  1900 | D:3      | 1900 ||| FLEEEEING.
  1909 | D:3      | Killed Jessica
  1912 | D:3      | 1912 ||| FLEEEEING.
  2064 | D:3      | Found a stormy altar of Qazlal.
  2198 | D:3      | 2198 ||| READING 2 scrolls labelled XYEDUTROROK.
  2198 | D:3      | 2198 ||| ENCHANTING +0 shortbow.
  2199 | D:3      | 2199 ||| READING scroll of enchant weapon.
  2199 | D:3      | 2199 ||| ENCHANTING +1 shortbow.
  2200 | D:3      | 2200 ||| READING scroll labelled NOTICK MIECWI.
  2307 | D:4      | 2307 ||| STAIRDANCE
  2311 | D:4      | 2311 ||| STAIRDANCE
  2328 | D:3      | 2328 ||| FLEEEEING.
  2404 | D:4      | 2404 ||| STAIRDANCE
  2414 | D:3      | 2414 ||| FLEEEEING.
  2500 | D:4      | Reached XP level 7. HP: 49/54 MP: 0/0
  2500 | D:4      | Learned a level 2 spell: Call Imp
  2536 | D:4      | Reached skill level 5 in Ranged Weapons
  2539 | D:4      | 2539 ||| FLEEEEING.
  2540 | D:4      | 2540 ||| FLEEEEING.
  2541 | D:4      | 2541 ||| FLEEEEING.
  2542 | D:4      | 2542 ||| FLEEEEING.
  2553 | D:4      | 2553 ||| FLEEEEING.
  2554 | D:4      | 2554 ||| STAIRDANCE
  2789 | D:4      | Found a runed translucent gate.
  2789 | D:4      | Found a runed translucent gate.
  2789 | D:4      | Identified the +7 short sword "Weaciogi" {freeze, rPois rC+
                  | Str+3 Dex+2}
  2790 | D:4      | Found a runed translucent gate.
  2791 | D:4      | Noticed qw's ghost (amateur GrHu)
  2832 | D:4      | 2832 ||| FLEEEEING.
  2833 | D:4      | 2833 ||| FLEEEEING.
  2834 | D:4      | 2834 ||| FLEEEEING.
  2835 | D:4      | 2835 ||| FLEEEEING.
  2836 | D:4      | 2836 ||| FLEEEEING.
  3015 | D:4      | Reached XP level 8. HP: 46/59 MP: 0/0
  3016 | D:4      | 3016 ||| FLEEEEING.
  3126 | D:4      | Found a staircase to the Ecumenical Temple.
  3127 | D:4      | 3127 ||| PLANNING TEMPLE
  3127 | D:4      | 3127 ||| READING scroll of identify.
  3127 | D:4      | 3127 ||| IDENTIFYING puce potion
  3128 | D:4      | 3128 ||| READING scroll labelled PERRIO FOHULE.
  3129 | D:4      | 3129 ||| READING scroll labelled FYEREV ZUKHUMY.
  3129 | D:4      | 3129 ||| ENCHANTING +2 shortbow.
  3135 | Temple   | Entered the Ecumenical Temple
  3136 | Temple   | 3136 ||| PLANNING D:1-11
  3348 | D:5      | Entered Level 5 of the Dungeon
  3354 | D:5      | Reached skill level 6 in Ranged Weapons
  3354 | D:5      | 3354 ||| STAIRDANCE
  3490 | D:5      | 3490 ||| FLEEEEING.
  3491 | D:5      | 3491 ||| FLEEEEING.
  3492 | D:5      | 3492 ||| FLEEEEING.
  3493 | D:5      | 3493 ||| FLEEEEING.
  3506 | D:5      | 3506 ||| FLEEEEING.
  3507 | D:5      | 3507 ||| STAIRDANCE
  3691 | D:5      | Found a shimmering altar of Xom.
  3714 | D:5      | Found a sacrificial altar of Ru.
  3824 | D:5      | Found Fiel's Self-Published Books.
  3851 | D:5      | 3851 ||| FLEEEEING.
  4128 | D:5      | 4128 ||| READING scroll labelled LANAURO COTH.
  4128 | D:5      | 4128 ||| BRANDING +2 shortbow.
  4129 | D:5      | 4129 ||| DRINKING 2 bubbling orange potions.
  4130 | D:5      | 4130 ||| DROPPING potion of degeneration.
  4149 | D:6      | Found a shadowy altar of Dithmenos.
  4150 | D:6      | 4150 ||| STAIRDANCE
  4154 | D:6      | 4154 ||| STAIRDANCE
  4158 | D:6      | 4158 ||| STAIRDANCE
  4164 | D:5      | 4164 ||| FLEEEEING.
  4209 | D:6      | 4209 ||| STAIRDANCE
  4227 | D:6      | 4227 ||| STAIRDANCE
  4231 | D:6      | 4231 ||| STAIRDANCE
  4235 | D:6      | 4235 ||| STAIRDANCE
  4239 | D:6      | 4239 ||| STAIRDANCE
  4243 | D:6      | 4243 ||| STAIRDANCE
  4247 | D:6      | 4247 ||| STAIRDANCE
  4251 | D:6      | 4251 ||| STAIRDANCE
  4261 | D:6      | 4261 ||| STAIRDANCE
  4265 | D:6      | 4265 ||| STAIRDANCE
  4269 | D:6      | 4269 ||| STAIRDANCE
  4273 | D:6      | 4273 ||| STAIRDANCE
  4277 | D:6      | 4277 ||| STAIRDANCE
  4281 | D:6      | 4281 ||| STAIRDANCE
  4300 | D:6      | 4300 ||| STAIRDANCE
  4304 | D:6      | 4304 ||| STAIRDANCE
  4308 | D:6      | 4308 ||| STAIRDANCE
  4315 | D:6      | 4315 ||| FLEEEEING.
  4327 | D:6      | 4327 ||| FLEEEEING.
  4339 | D:6      | 4339 ||| FLEEEEING.
  4350 | D:6      | 4350 ||| FLEEEEING.
  4361 | D:6      | 4361 ||| FLEEEEING.
  4372 | D:6      | 4372 ||| FLEEEEING.
  4383 | D:6      | 4383 ||| FLEEEEING.
  4394 | D:6      | 4394 ||| FLEEEEING.
  4405 | D:6      | 4405 ||| FLEEEEING.
  4416 | D:6      | 4416 ||| FLEEEEING.
  4427 | D:6      | 4427 ||| FLEEEEING.
  4438 | D:6      | 4438 ||| FLEEEEING.
  4449 | D:6      | 4449 ||| FLEEEEING.
  4460 | D:6      | 4460 ||| FLEEEEING.
  4471 | D:6      | 4471 ||| FLEEEEING.
  4482 | D:6      | 4482 ||| FLEEEEING.
  4493 | D:6      | 4493 ||| FLEEEEING.
  4504 | D:6      | 4504 ||| FLEEEEING.
  4515 | D:6      | 4515 ||| FLEEEEING.
  4526 | D:6      | 4526 ||| FLEEEEING.
  4537 | D:6      | 4537 ||| FLEEEEING.
  4548 | D:6      | 4548 ||| FLEEEEING.
  4559 | D:6      | 4559 ||| FLEEEEING.
  4570 | D:6      | 4570 ||| FLEEEEING.
  4581 | D:6      | 4581 ||| FLEEEEING.
  4592 | D:6      | 4592 ||| FLEEEEING.
  4603 | D:6      | 4603 ||| FLEEEEING.
  4614 | D:6      | 4614 ||| FLEEEEING.
  4625 | D:6      | 4625 ||| FLEEEEING.
  4636 | D:6      | 4636 ||| FLEEEEING.
  4647 | D:6      | 4647 ||| FLEEEEING.
  4658 | D:6      | 4658 ||| FLEEEEING.
  4669 | D:6      | 4669 ||| FLEEEEING.
  4680 | D:6      | 4680 ||| FLEEEEING.
  4691 | D:6      | 4691 ||| FLEEEEING.
  4702 | D:6      | 4702 ||| FLEEEEING.
  4713 | D:6      | 4713 ||| FLEEEEING.
  4724 | D:6      | 4724 ||| FLEEEEING.
  4735 | D:6      | 4735 ||| FLEEEEING.
  4746 | D:6      | 4746 ||| FLEEEEING.
  4757 | D:6      | 4757 ||| FLEEEEING.
  4768 | D:6      | 4768 ||| FLEEEEING.
  4779 | D:6      | 4779 ||| FLEEEEING.
  4790 | D:6      | 4790 ||| FLEEEEING.
  4801 | D:6      | 4801 ||| FLEEEEING.
  4812 | D:6      | 4812 ||| FLEEEEING.
  4823 | D:6      | 4823 ||| FLEEEEING.
  4834 | D:6      | 4834 ||| FLEEEEING.
  4845 | D:6      | 4845 ||| FLEEEEING.
  4856 | D:6      | 4856 ||| FLEEEEING.
  4867 | D:6      | 4867 ||| FLEEEEING.
  4878 | D:6      | 4878 ||| FLEEEEING.
  4889 | D:6      | 4889 ||| FLEEEEING.
  4900 | D:6      | 4900 ||| FLEEEEING.
  4911 | D:6      | 4911 ||| FLEEEEING.
  4922 | D:6      | 4922 ||| FLEEEEING.
  4933 | D:6      | 4933 ||| FLEEEEING.
  4944 | D:6      | 4944 ||| FLEEEEING.
  4955 | D:6      | 4955 ||| FLEEEEING.
  4966 | D:6      | 4966 ||| FLEEEEING.
  4977 | D:6      | 4977 ||| FLEEEEING.
  4988 | D:6      | 4988 ||| FLEEEEING.
  4999 | D:6      | 4999 ||| FLEEEEING.
  5010 | D:6      | 5010 ||| FLEEEEING.
  5021 | D:6      | 5021 ||| FLEEEEING.
  5032 | D:6      | 5032 ||| FLEEEEING.
  5043 | D:6      | 5043 ||| FLEEEEING.
  5054 | D:6      | 5054 ||| FLEEEEING.
  5065 | D:6      | 5065 ||| FLEEEEING.
  5076 | D:6      | 5076 ||| FLEEEEING.
  5087 | D:6      | 5087 ||| FLEEEEING.
  5098 | D:6      | 5098 ||| FLEEEEING.
  5109 | D:6      | 5109 ||| FLEEEEING.
  5120 | D:6      | 5120 ||| FLEEEEING.
  5131 | D:6      | 5131 ||| FLEEEEING.
  5142 | D:6      | 5142 ||| FLEEEEING.
  5153 | D:6      | 5153 ||| FLEEEEING.
  5164 | D:6      | 5164 ||| FLEEEEING.
  5175 | D:6      | 5175 ||| FLEEEEING.
  5186 | D:6      | 5186 ||| FLEEEEING.
  5197 | D:6      | 5197 ||| FLEEEEING.
  5208 | D:6      | 5208 ||| FLEEEEING.
  5219 | D:6      | 5219 ||| FLEEEEING.
  5230 | D:6      | 5230 ||| FLEEEEING.
  5241 | D:6      | 5241 ||| FLEEEEING.
  5252 | D:6      | 5252 ||| FLEEEEING.
  5263 | D:6      | 5263 ||| FLEEEEING.
  5274 | D:6      | 5274 ||| FLEEEEING.
  5285 | D:6      | 5285 ||| FLEEEEING.
  5296 | D:6      | 5296 ||| FLEEEEING.
  5307 | D:6      | 5307 ||| FLEEEEING.
  5318 | D:6      | 5318 ||| FLEEEEING.
  5329 | D:6      | 5329 ||| FLEEEEING.
  5340 | D:6      | 5340 ||| FLEEEEING.
  5351 | D:6      | 5351 ||| FLEEEEING.
  5362 | D:6      | 5362 ||| FLEEEEING.
  5373 | D:6      | 5373 ||| FLEEEEING.
  5384 | D:6      | 5384 ||| FLEEEEING.
  5395 | D:6      | 5395 ||| FLEEEEING.
  5406 | D:6      | 5406 ||| FLEEEEING.
  5417 | D:6      | 5417 ||| FLEEEEING.
  5428 | D:6      | 5428 ||| FLEEEEING.
  5439 | D:6      | 5439 ||| FLEEEEING.
  5450 | D:6      | 5450 ||| FLEEEEING.
  5461 | D:6      | 5461 ||| FLEEEEING.
  5472 | D:6      | 5472 ||| FLEEEEING.
  5483 | D:6      | 5483 ||| FLEEEEING.
  5494 | D:6      | 5494 ||| FLEEEEING.
  5505 | D:6      | 5505 ||| FLEEEEING.
  5516 | D:6      | 5516 ||| FLEEEEING.
  5527 | D:6      | 5527 ||| FLEEEEING.
  5538 | D:6      | 5538 ||| FLEEEEING.
  5549 | D:6      | 5549 ||| FLEEEEING.
  5560 | D:6      | 5560 ||| FLEEEEING.
  5571 | D:6      | 5571 ||| FLEEEEING.
  5582 | D:6      | 5582 ||| FLEEEEING.
  5593 | D:6      | 5593 ||| FLEEEEING.
  5604 | D:6      | 5604 ||| FLEEEEING.
  5615 | D:6      | 5615 ||| FLEEEEING.
  5626 | D:6      | 5626 ||| FLEEEEING.
  5637 | D:6      | 5637 ||| FLEEEEING.
  5648 | D:6      | 5648 ||| FLEEEEING.
  5659 | D:6      | 5659 ||| FLEEEEING.
  5670 | D:6      | 5670 ||| FLEEEEING.
  5681 | D:6      | 5681 ||| FLEEEEING.
  5692 | D:6      | 5692 ||| FLEEEEING.
  5703 | D:6      | 5703 ||| FLEEEEING.
  5714 | D:6      | 5714 ||| FLEEEEING.
  5725 | D:6      | 5725 ||| FLEEEEING.
  5736 | D:6      | 5736 ||| FLEEEEING.
  5747 | D:6      | 5747 ||| FLEEEEING.
  5754 | D:6      | 5754 ||| FLEEEEING.
  5765 | D:6      | 5765 ||| FLEEEEING.
  5776 | D:6      | 5776 ||| FLEEEEING.
  5787 | D:6      | 5787 ||| FLEEEEING.
  5798 | D:6      | 5798 ||| FLEEEEING.
  5809 | D:6      | 5809 ||| FLEEEEING.
  5820 | D:6      | 5820 ||| FLEEEEING.
  5831 | D:6      | 5831 ||| FLEEEEING.
  5842 | D:6      | 5842 ||| FLEEEEING.
  5853 | D:6      | 5853 ||| FLEEEEING.
  5864 | D:6      | 5864 ||| FLEEEEING.
  5875 | D:6      | 5875 ||| FLEEEEING.
  5886 | D:6      | 5886 ||| FLEEEEING.
  5897 | D:6      | 5897 ||| FLEEEEING.
  5908 | D:6      | 5908 ||| FLEEEEING.
  5919 | D:6      | 5919 ||| FLEEEEING.
  5930 | D:6      | 5930 ||| FLEEEEING.
  5941 | D:6      | 5941 ||| FLEEEEING.
  5952 | D:6      | 5952 ||| FLEEEEING.
  5963 | D:6      | 5963 ||| FLEEEEING.
  5974 | D:6      | 5974 ||| FLEEEEING.
  5985 | D:6      | 5985 ||| FLEEEEING.
  5996 | D:6      | 5996 ||| FLEEEEING.
  6007 | D:6      | 6007 ||| FLEEEEING.
  6018 | D:6      | 6018 ||| FLEEEEING.
  6029 | D:6      | 6029 ||| FLEEEEING.
  6040 | D:6      | 6040 ||| FLEEEEING.
  6051 | D:6      | 6051 ||| FLEEEEING.
  6062 | D:6      | 6062 ||| FLEEEEING.
  6073 | D:6      | 6073 ||| FLEEEEING.
  6084 | D:6      | 6084 ||| FLEEEEING.
  6095 | D:6      | 6095 ||| FLEEEEING.
  6106 | D:6      | 6106 ||| FLEEEEING.
  6117 | D:6      | 6117 ||| FLEEEEING.
  6128 | D:6      | 6128 ||| FLEEEEING.
  6139 | D:6      | 6139 ||| FLEEEEING.
  6150 | D:6      | 6150 ||| FLEEEEING.
  6161 | D:6      | 6161 ||| FLEEEEING.
  6172 | D:6      | 6172 ||| FLEEEEING.
  6183 | D:6      | 6183 ||| FLEEEEING.
  6194 | D:6      | 6194 ||| FLEEEEING.
  6205 | D:6      | 6205 ||| FLEEEEING.
  6216 | D:6      | 6216 ||| FLEEEEING.
  6227 | D:6      | 6227 ||| FLEEEEING.
  6238 | D:6      | 6238 ||| FLEEEEING.
  6249 | D:6      | 6249 ||| FLEEEEING.
  6260 | D:6      | 6260 ||| FLEEEEING.
  6271 | D:6      | 6271 ||| FLEEEEING.
  6282 | D:6      | 6282 ||| FLEEEEING.
  6293 | D:6      | 6293 ||| FLEEEEING.
  6304 | D:6      | 6304 ||| FLEEEEING.
  6315 | D:6      | 6315 ||| FLEEEEING.
  6326 | D:6      | 6326 ||| FLEEEEING.
  6337 | D:6      | 6337 ||| FLEEEEING.
  6348 | D:6      | 6348 ||| FLEEEEING.
  6359 | D:6      | 6359 ||| FLEEEEING.
  6370 | D:6      | 6370 ||| FLEEEEING.
  6381 | D:6      | 6381 ||| FLEEEEING.
  6392 | D:6      | 6392 ||| FLEEEEING.
  6403 | D:6      | 6403 ||| FLEEEEING.
  6414 | D:6      | 6414 ||| FLEEEEING.
  6425 | D:6      | 6425 ||| FLEEEEING.
  6436 | D:6      | 6436 ||| FLEEEEING.
  6447 | D:6      | 6447 ||| FLEEEEING.
  6458 | D:6      | 6458 ||| FLEEEEING.
  6469 | D:6      | 6469 ||| FLEEEEING.
  6480 | D:6      | 6480 ||| FLEEEEING.
  6491 | D:6      | 6491 ||| FLEEEEING.
  6502 | D:6      | 6502 ||| FLEEEEING.
  6513 | D:6      | 6513 ||| FLEEEEING.
  6524 | D:6      | 6524 ||| FLEEEEING.
  6535 | D:6      | 6535 ||| FLEEEEING.
  6546 | D:6      | 6546 ||| FLEEEEING.
  6557 | D:6      | 6557 ||| FLEEEEING.
  6568 | D:6      | 6568 ||| FLEEEEING.
  6579 | D:6      | 6579 ||| FLEEEEING.
  6590 | D:6      | 6590 ||| FLEEEEING.
  6601 | D:6      | 6601 ||| FLEEEEING.
  6612 | D:6      | 6612 ||| FLEEEEING.
  6623 | D:6      | 6623 ||| FLEEEEING.
  6634 | D:6      | 6634 ||| FLEEEEING.
  6645 | D:6      | 6645 ||| FLEEEEING.
  6656 | D:6      | 6656 ||| FLEEEEING.
  6667 | D:6      | 6667 ||| FLEEEEING.
  6678 | D:6      | 6678 ||| FLEEEEING.
  6689 | D:6      | 6689 ||| FLEEEEING.
  6700 | D:6      | 6700 ||| FLEEEEING.
  6711 | D:6      | 6711 ||| FLEEEEING.
  6722 | D:6      | 6722 ||| FLEEEEING.
  6733 | D:6      | 6733 ||| FLEEEEING.
  6744 | D:6      | 6744 ||| FLEEEEING.
  6755 | D:6      | 6755 ||| FLEEEEING.
  6766 | D:6      | 6766 ||| FLEEEEING.
  6777 | D:6      | 6777 ||| FLEEEEING.
  6788 | D:6      | 6788 ||| FLEEEEING.
  6799 | D:6      | 6799 ||| FLEEEEING.
  6810 | D:6      | 6810 ||| FLEEEEING.
  6821 | D:6      | 6821 ||| FLEEEEING.
  6832 | D:6      | 6832 ||| FLEEEEING.
  6843 | D:6      | 6843 ||| FLEEEEING.
  6854 | D:6      | 6854 ||| FLEEEEING.
  6865 | D:6      | 6865 ||| FLEEEEING.
  6876 | D:6      | 6876 ||| FLEEEEING.
  6887 | D:6      | 6887 ||| FLEEEEING.
  6898 | D:6      | 6898 ||| FLEEEEING.
  6909 | D:6      | 6909 ||| FLEEEEING.
  6920 | D:6      | 6920 ||| FLEEEEING.
  6931 | D:6      | 6931 ||| FLEEEEING.
  6942 | D:6      | 6942 ||| FLEEEEING.
  6953 | D:6      | 6953 ||| FLEEEEING.
  6964 | D:6      | 6964 ||| FLEEEEING.
  6975 | D:6      | 6975 ||| FLEEEEING.
  6986 | D:6      | 6986 ||| FLEEEEING.
  6997 | D:6      | 6997 ||| FLEEEEING.
  7008 | D:6      | 7008 ||| FLEEEEING.
  7019 | D:6      | 7019 ||| FLEEEEING.
  7030 | D:6      | 7030 ||| FLEEEEING.
  7041 | D:6      | 7041 ||| FLEEEEING.
  7052 | D:6      | 7052 ||| FLEEEEING.
  7063 | D:6      | 7063 ||| FLEEEEING.
  7074 | D:6      | 7074 ||| FLEEEEING.
  7085 | D:6      | 7085 ||| FLEEEEING.
  7096 | D:6      | 7096 ||| FLEEEEING.
  7107 | D:6      | 7107 ||| FLEEEEING.
  7118 | D:6      | 7118 ||| FLEEEEING.
  7129 | D:6      | 7129 ||| FLEEEEING.
  7140 | D:6      | 7140 ||| FLEEEEING.
  7151 | D:6      | 7151 ||| FLEEEEING.
  7162 | D:6      | 7162 ||| FLEEEEING.
  7173 | D:6      | 7173 ||| FLEEEEING.
  7184 | D:6      | 7184 ||| FLEEEEING.
  7195 | D:6      | 7195 ||| FLEEEEING.
  7206 | D:6      | 7206 ||| FLEEEEING.
  7217 | D:6      | 7217 ||| FLEEEEING.
  7228 | D:6      | 7228 ||| FLEEEEING.
  7239 | D:6      | 7239 ||| FLEEEEING.
  7250 | D:6      | 7250 ||| FLEEEEING.
  7261 | D:6      | 7261 ||| FLEEEEING.
  7272 | D:6      | 7272 ||| FLEEEEING.
  7283 | D:6      | 7283 ||| FLEEEEING.
  7294 | D:6      | 7294 ||| FLEEEEING.
  7305 | D:6      | 7305 ||| FLEEEEING.
  7316 | D:6      | 7316 ||| FLEEEEING.
  7327 | D:6      | 7327 ||| FLEEEEING.
  7338 | D:6      | 7338 ||| FLEEEEING.
  7349 | D:6      | 7349 ||| FLEEEEING.
  7360 | D:6      | 7360 ||| FLEEEEING.
  7371 | D:6      | 7371 ||| FLEEEEING.
  7382 | D:6      | 7382 ||| FLEEEEING.
  7393 | D:6      | 7393 ||| FLEEEEING.
  7404 | D:6      | 7404 ||| FLEEEEING.
  7415 | D:6      | 7415 ||| FLEEEEING.
  7426 | D:6      | 7426 ||| FLEEEEING.
  7437 | D:6      | 7437 ||| FLEEEEING.
  7448 | D:6      | 7448 ||| FLEEEEING.
  7459 | D:6      | 7459 ||| FLEEEEING.
  7470 | D:6      | 7470 ||| FLEEEEING.
  7481 | D:6      | 7481 ||| FLEEEEING.
  7492 | D:6      | 7492 ||| FLEEEEING.
  7503 | D:6      | 7503 ||| FLEEEEING.
  7514 | D:6      | 7514 ||| FLEEEEING.
  7525 | D:6      | 7525 ||| FLEEEEING.
  7536 | D:6      | 7536 ||| FLEEEEING.
  7547 | D:6      | 7547 ||| FLEEEEING.
  7558 | D:6      | 7558 ||| FLEEEEING.
  7569 | D:6      | 7569 ||| FLEEEEING.
  7580 | D:6      | 7580 ||| FLEEEEING.
  7591 | D:6      | 7591 ||| FLEEEEING.
  7602 | D:6      | 7602 ||| FLEEEEING.
  7613 | D:6      | 7613 ||| FLEEEEING.
  7624 | D:6      | 7624 ||| FLEEEEING.
  7635 | D:6      | 7635 ||| FLEEEEING.
  7646 | D:6      | 7646 ||| FLEEEEING.
  7657 | D:6      | 7657 ||| FLEEEEING.
  7668 | D:6      | 7668 ||| FLEEEEING.
  7679 | D:6      | 7679 ||| FLEEEEING.
  7690 | D:6      | 7690 ||| FLEEEEING.
  7701 | D:6      | 7701 ||| FLEEEEING.
  7712 | D:6      | 7712 ||| FLEEEEING.
  7723 | D:6      | 7723 ||| FLEEEEING.
  7734 | D:6      | 7734 ||| FLEEEEING.
  7745 | D:6      | 7745 ||| FLEEEEING.
  7756 | D:6      | 7756 ||| FLEEEEING.
  7767 | D:6      | 7767 ||| FLEEEEING.
  7778 | D:6      | 7778 ||| FLEEEEING.
  7789 | D:6      | 7789 ||| FLEEEEING.
  7800 | D:6      | 7800 ||| FLEEEEING.
  7811 | D:6      | 7811 ||| FLEEEEING.
  7822 | D:6      | 7822 ||| FLEEEEING.
  7833 | D:6      | 7833 ||| FLEEEEING.
  7844 | D:6      | 7844 ||| FLEEEEING.
  7855 | D:6      | 7855 ||| FLEEEEING.
  7866 | D:6      | 7866 ||| FLEEEEING.
  7877 | D:6      | 7877 ||| FLEEEEING.
  7888 | D:6      | 7888 ||| FLEEEEING.
  7899 | D:6      | 7899 ||| FLEEEEING.
  7910 | D:6      | 7910 ||| FLEEEEING.
  7921 | D:6      | 7921 ||| FLEEEEING.
  7932 | D:6      | 7932 ||| FLEEEEING.
  7943 | D:6      | 7943 ||| FLEEEEING.
  7954 | D:6      | 7954 ||| FLEEEEING.
  7965 | D:6      | 7965 ||| FLEEEEING.
  7976 | D:6      | 7976 ||| FLEEEEING.
  7987 | D:6      | 7987 ||| FLEEEEING.
  7998 | D:6      | 7998 ||| FLEEEEING.
  8009 | D:6      | 8009 ||| FLEEEEING.
  8020 | D:6      | 8020 ||| FLEEEEING.
  8031 | D:6      | 8031 ||| FLEEEEING.
  8042 | D:6      | 8042 ||| FLEEEEING.
  8053 | D:6      | 8053 ||| FLEEEEING.
  8064 | D:6      | 8064 ||| FLEEEEING.
  8075 | D:6      | 8075 ||| FLEEEEING.
  8086 | D:6      | 8086 ||| FLEEEEING.
  8097 | D:6      | 8097 ||| FLEEEEING.
  8108 | D:6      | 8108 ||| FLEEEEING.
  8119 | D:6      | 8119 ||| FLEEEEING.
  8130 | D:6      | 8130 ||| FLEEEEING.
  8141 | D:6      | 8141 ||| FLEEEEING.
  8152 | D:6      | 8152 ||| FLEEEEING.
  8163 | D:6      | 8163 ||| FLEEEEING.
  8174 | D:6      | 8174 ||| FLEEEEING.
  8185 | D:6      | 8185 ||| FLEEEEING.
  8196 | D:6      | 8196 ||| FLEEEEING.
  8207 | D:6      | 8207 ||| FLEEEEING.
  8218 | D:6      | 8218 ||| FLEEEEING.
  8229 | D:6      | 8229 ||| FLEEEEING.
  8240 | D:6      | 8240 ||| FLEEEEING.
  8251 | D:6      | 8251 ||| FLEEEEING.
  8262 | D:6      | 8262 ||| FLEEEEING.
  8273 | D:6      | 8273 ||| FLEEEEING.
  8284 | D:6      | 8284 ||| FLEEEEING.
  8295 | D:6      | 8295 ||| FLEEEEING.
  8306 | D:6      | 8306 ||| FLEEEEING.
  8317 | D:6      | 8317 ||| FLEEEEING.
  8328 | D:6      | 8328 ||| FLEEEEING.
  8339 | D:6      | 8339 ||| FLEEEEING.
  8350 | D:6      | 8350 ||| FLEEEEING.
  8361 | D:6      | 8361 ||| FLEEEEING.
  8372 | D:6      | 8372 ||| FLEEEEING.
  8383 | D:6      | 8383 ||| FLEEEEING.
  8394 | D:6      | 8394 ||| FLEEEEING.
  8405 | D:6      | 8405 ||| FLEEEEING.
  8416 | D:6      | 8416 ||| FLEEEEING.
  8427 | D:6      | 8427 ||| FLEEEEING.
  8438 | D:6      | 8438 ||| FLEEEEING.
  8449 | D:6      | 8449 ||| FLEEEEING.
  8460 | D:6      | 8460 ||| FLEEEEING.
  8471 | D:6      | 8471 ||| FLEEEEING.
  8482 | D:6      | 8482 ||| FLEEEEING.
  8493 | D:6      | 8493 ||| FLEEEEING.
  8504 | D:6      | 8504 ||| FLEEEEING.
  8515 | D:6      | 8515 ||| FLEEEEING.
  8526 | D:6      | 8526 ||| FLEEEEING.
  8537 | D:6      | 8537 ||| FLEEEEING.
  8548 | D:6      | 8548 ||| FLEEEEING.
  8559 | D:6      | 8559 ||| FLEEEEING.
  8570 | D:6      | 8570 ||| FLEEEEING.
  8581 | D:6      | 8581 ||| FLEEEEING.
  8592 | D:6      | 8592 ||| FLEEEEING.
  8603 | D:6      | 8603 ||| FLEEEEING.
  8614 | D:6      | 8614 ||| FLEEEEING.
  8625 | D:6      | 8625 ||| FLEEEEING.
  8636 | D:6      | 8636 ||| FLEEEEING.
  8647 | D:6      | 8647 ||| FLEEEEING.
  8658 | D:6      | 8658 ||| FLEEEEING.
  8669 | D:6      | 8669 ||| FLEEEEING.
  8680 | D:6      | 8680 ||| FLEEEEING.
  8691 | D:6      | 8691 ||| FLEEEEING.
  8702 | D:6      | 8702 ||| FLEEEEING.
  8713 | D:6      | 8713 ||| FLEEEEING.
  8724 | D:6      | 8724 ||| FLEEEEING.
  8735 | D:6      | 8735 ||| FLEEEEING.
  8746 | D:6      | 8746 ||| FLEEEEING.
  8757 | D:6      | 8757 ||| FLEEEEING.
  8768 | D:6      | 8768 ||| FLEEEEING.
  8779 | D:6      | 8779 ||| FLEEEEING.
  8790 | D:6      | 8790 ||| FLEEEEING.
  8801 | D:6      | 8801 ||| FLEEEEING.
  8812 | D:6      | 8812 ||| FLEEEEING.
  8823 | D:6      | 8823 ||| FLEEEEING.
  8834 | D:6      | 8834 ||| FLEEEEING.
  8845 | D:6      | 8845 ||| FLEEEEING.
  8856 | D:6      | 8856 ||| FLEEEEING.
  8867 | D:6      | 8867 ||| FLEEEEING.
  8878 | D:6      | 8878 ||| FLEEEEING.
  8889 | D:6      | 8889 ||| FLEEEEING.
  8900 | D:6      | 8900 ||| FLEEEEING.
  8911 | D:6      | 8911 ||| FLEEEEING.
  8922 | D:6      | 8922 ||| FLEEEEING.
  8933 | D:6      | 8933 ||| FLEEEEING.
  8944 | D:6      | 8944 ||| FLEEEEING.
  8955 | D:6      | 8955 ||| FLEEEEING.
  8966 | D:6      | 8966 ||| FLEEEEING.
  8977 | D:6      | 8977 ||| FLEEEEING.
  8988 | D:6      | 8988 ||| FLEEEEING.
  8999 | D:6      | 8999 ||| FLEEEEING.
  9010 | D:6      | 9010 ||| FLEEEEING.
  9021 | D:6      | 9021 ||| FLEEEEING.
  9032 | D:6      | 9032 ||| FLEEEEING.
  9043 | D:6      | 9043 ||| FLEEEEING.
  9054 | D:6      | 9054 ||| FLEEEEING.
  9065 | D:6      | 9065 ||| FLEEEEING.
  9076 | D:6      | 9076 ||| FLEEEEING.
  9087 | D:6      | 9087 ||| FLEEEEING.
  9098 | D:6      | 9098 ||| FLEEEEING.
  9109 | D:6      | 9109 ||| FLEEEEING.
  9120 | D:6      | 9120 ||| FLEEEEING.
  9131 | D:6      | 9131 ||| FLEEEEING.
  9142 | D:6      | 9142 ||| FLEEEEING.
  9153 | D:6      | 9153 ||| FLEEEEING.
  9164 | D:6      | 9164 ||| FLEEEEING.
  9175 | D:6      | 9175 ||| FLEEEEING.
  9186 | D:6      | 9186 ||| FLEEEEING.
  9197 | D:6      | 9197 ||| FLEEEEING.
  9208 | D:6      | 9208 ||| FLEEEEING.
  9219 | D:6      | 9219 ||| FLEEEEING.
  9230 | D:6      | 9230 ||| FLEEEEING.
  9241 | D:6      | 9241 ||| FLEEEEING.
  9252 | D:6      | 9252 ||| FLEEEEING.
  9263 | D:6      | 9263 ||| FLEEEEING.
  9274 | D:6      | 9274 ||| FLEEEEING.
  9285 | D:6      | 9285 ||| FLEEEEING.
  9296 | D:6      | 9296 ||| FLEEEEING.
  9307 | D:6      | 9307 ||| FLEEEEING.
  9318 | D:6      | 9318 ||| FLEEEEING.
  9329 | D:6      | 9329 ||| FLEEEEING.
  9340 | D:6      | 9340 ||| FLEEEEING.
  9351 | D:6      | 9351 ||| FLEEEEING.
  9362 | D:6      | 9362 ||| FLEEEEING.
  9373 | D:6      | 9373 ||| FLEEEEING.
  9384 | D:6      | 9384 ||| FLEEEEING.
  9395 | D:6      | 9395 ||| FLEEEEING.
  9406 | D:6      | 9406 ||| FLEEEEING.
  9417 | D:6      | 9417 ||| FLEEEEING.
  9428 | D:6      | 9428 ||| FLEEEEING.
  9439 | D:6      | 9439 ||| FLEEEEING.
  9450 | D:6      | 9450 ||| FLEEEEING.
  9461 | D:6      | 9461 ||| FLEEEEING.
  9472 | D:6      | 9472 ||| FLEEEEING.
  9483 | D:6      | 9483 ||| FLEEEEING.
  9494 | D:6      | 9494 ||| FLEEEEING.
  9505 | D:6      | 9505 ||| FLEEEEING.
  9516 | D:6      | 9516 ||| FLEEEEING.
  9527 | D:6      | 9527 ||| FLEEEEING.
  9538 | D:6      | 9538 ||| FLEEEEING.
  9549 | D:6      | 9549 ||| FLEEEEING.
  9560 | D:6      | 9560 ||| FLEEEEING.
  9571 | D:6      | 9571 ||| FLEEEEING.
  9582 | D:6      | 9582 ||| FLEEEEING.
  9593 | D:6      | 9593 ||| FLEEEEING.
  9604 | D:6      | 9604 ||| FLEEEEING.
  9615 | D:6      | 9615 ||| FLEEEEING.
  9626 | D:6      | 9626 ||| FLEEEEING.
  9637 | D:6      | 9637 ||| FLEEEEING.
  9648 | D:6      | 9648 ||| FLEEEEING.
  9659 | D:6      | 9659 ||| FLEEEEING.
  9670 | D:6      | 9670 ||| FLEEEEING.
  9681 | D:6      | 9681 ||| FLEEEEING.
  9692 | D:6      | 9692 ||| FLEEEEING.
  9703 | D:6      | 9703 ||| FLEEEEING.
  9714 | D:6      | 9714 ||| FLEEEEING.
  9725 | D:6      | 9725 ||| FLEEEEING.
  9736 | D:6      | 9736 ||| FLEEEEING.
  9747 | D:6      | 9747 ||| FLEEEEING.
  9758 | D:6      | 9758 ||| FLEEEEING.
  9769 | D:6      | 9769 ||| FLEEEEING.
  9780 | D:6      | 9780 ||| FLEEEEING.
  9791 | D:6      | 9791 ||| FLEEEEING.
  9802 | D:6      | 9802 ||| FLEEEEING.
  9813 | D:6      | 9813 ||| FLEEEEING.
  9824 | D:6      | 9824 ||| FLEEEEING.
  9835 | D:6      | 9835 ||| FLEEEEING.
  9846 | D:6      | 9846 ||| FLEEEEING.
  9857 | D:6      | 9857 ||| FLEEEEING.
  9868 | D:6      | 9868 ||| FLEEEEING.
  9879 | D:6      | 9879 ||| FLEEEEING.
  9890 | D:6      | 9890 ||| FLEEEEING.
  9901 | D:6      | 9901 ||| FLEEEEING.
  9912 | D:6      | 9912 ||| FLEEEEING.
  9923 | D:6      | 9923 ||| FLEEEEING.
  9934 | D:6      | 9934 ||| FLEEEEING.
  9945 | D:6      | 9945 ||| FLEEEEING.
  9956 | D:6      | 9956 ||| FLEEEEING.
  9967 | D:6      | 9967 ||| FLEEEEING.
  9978 | D:6      | 9978 ||| FLEEEEING.
  9989 | D:6      | 9989 ||| FLEEEEING.
 10000 | D:6      | 10000 ||| FLEEEEING.
 10011 | D:6      | 10011 ||| FLEEEEING.
 10022 | D:6      | 10022 ||| FLEEEEING.
 10033 | D:6      | 10033 ||| FLEEEEING.
 10044 | D:6      | 10044 ||| FLEEEEING.
 10055 | D:6      | 10055 ||| FLEEEEING.
 10066 | D:6      | 10066 ||| FLEEEEING.
 10077 | D:6      | 10077 ||| FLEEEEING.
 10088 | D:6      | 10088 ||| FLEEEEING.
 10099 | D:6      | 10099 ||| FLEEEEING.
 10110 | D:6      | 10110 ||| FLEEEEING.
 10121 | D:6      | 10121 ||| FLEEEEING.
 10132 | D:6      | 10132 ||| FLEEEEING.
 10143 | D:6      | 10143 ||| FLEEEEING.
 10154 | D:6      | 10154 ||| FLEEEEING.
 10165 | D:6      | 10165 ||| FLEEEEING.
 10170 | D:6      | 10170 ||| FLEEEEING.
 10172 | D:6      | 10172 ||| FLEEEEING.
 10183 | D:6      | 10183 ||| FLEEEEING.
 10194 | D:6      | 10194 ||| FLEEEEING.
 10205 | D:6      | 10205 ||| FLEEEEING.
 10216 | D:6      | 10216 ||| FLEEEEING.
 10227 | D:6      | 10227 ||| FLEEEEING.
 10238 | D:6      | 10238 ||| FLEEEEING.
 10249 | D:6      | 10249 ||| FLEEEEING.
 10260 | D:6      | 10260 ||| FLEEEEING.
 10271 | D:6      | 10271 ||| FLEEEEING.
 10282 | D:6      | 10282 ||| FLEEEEING.
 10293 | D:6      | 10293 ||| FLEEEEING.
 10304 | D:6      | 10304 ||| FLEEEEING.
 10315 | D:6      | 10315 ||| FLEEEEING.
 10326 | D:6      | 10326 ||| FLEEEEING.
 10337 | D:6      | 10337 ||| FLEEEEING.
 10348 | D:6      | 10348 ||| FLEEEEING.
 10359 | D:6      | 10359 ||| FLEEEEING.
 10370 | D:6      | 10370 ||| FLEEEEING.
 10381 | D:6      | 10381 ||| FLEEEEING.
 10392 | D:6      | 10392 ||| FLEEEEING.
 10403 | D:6      | 10403 ||| FLEEEEING.
 10414 | D:6      | 10414 ||| FLEEEEING.
 10425 | D:6      | 10425 ||| FLEEEEING.
 10436 | D:6      | 10436 ||| FLEEEEING.
 10447 | D:6      | 10447 ||| FLEEEEING.
 10458 | D:6      | 10458 ||| FLEEEEING.
 10469 | D:6      | 10469 ||| FLEEEEING.
 10480 | D:6      | 10480 ||| FLEEEEING.
 10491 | D:6      | 10491 ||| FLEEEEING.
 10502 | D:6      | 10502 ||| FLEEEEING.
 10513 | D:6      | 10513 ||| FLEEEEING.
 10524 | D:6      | 10524 ||| FLEEEEING.
 10535 | D:6      | 10535 ||| FLEEEEING.
 10546 | D:6      | 10546 ||| FLEEEEING.
 10557 | D:6      | 10557 ||| FLEEEEING.
 10568 | D:6      | 10568 ||| FLEEEEING.
 10579 | D:6      | 10579 ||| FLEEEEING.
 10590 | D:6      | 10590 ||| FLEEEEING.
 10601 | D:6      | 10601 ||| FLEEEEING.
 10612 | D:6      | 10612 ||| FLEEEEING.
 10623 | D:6      | 10623 ||| FLEEEEING.
 10634 | D:6      | 10634 ||| FLEEEEING.
 10645 | D:6      | 10645 ||| FLEEEEING.
 10656 | D:6      | 10656 ||| FLEEEEING.
 10667 | D:6      | 10667 ||| FLEEEEING.
 10678 | D:6      | 10678 ||| FLEEEEING.
 10689 | D:6      | 10689 ||| FLEEEEING.
 10700 | D:6      | 10700 ||| FLEEEEING.
 10711 | D:6      | 10711 ||| FLEEEEING.
 10722 | D:6      | 10722 ||| FLEEEEING.
 10733 | D:6      | 10733 ||| FLEEEEING.
 10744 | D:6      | 10744 ||| FLEEEEING.
 10755 | D:6      | 10755 ||| FLEEEEING.
 10766 | D:6      | 10766 ||| FLEEEEING.
 10777 | D:6      | 10777 ||| FLEEEEING.
 10788 | D:6      | 10788 ||| FLEEEEING.
 10799 | D:6      | 10799 ||| FLEEEEING.
 10810 | D:6      | 10810 ||| FLEEEEING.
 10821 | D:6      | 10821 ||| FLEEEEING.
 10832 | D:6      | 10832 ||| FLEEEEING.
 10843 | D:6      | 10843 ||| FLEEEEING.
 10854 | D:6      | 10854 ||| FLEEEEING.
 10865 | D:6      | 10865 ||| FLEEEEING.
 10876 | D:6      | 10876 ||| FLEEEEING.
 10887 | D:6      | 10887 ||| FLEEEEING.
 10898 | D:6      | 10898 ||| FLEEEEING.
 10909 | D:6      | 10909 ||| FLEEEEING.
 10920 | D:6      | 10920 ||| FLEEEEING.
 10931 | D:6      | 10931 ||| FLEEEEING.
 10942 | D:6      | 10942 ||| FLEEEEING.
 10953 | D:6      | 10953 ||| FLEEEEING.
 10964 | D:6      | 10964 ||| FLEEEEING.
 10975 | D:6      | 10975 ||| FLEEEEING.
 10986 | D:6      | 10986 ||| FLEEEEING.
 10997 | D:6      | 10997 ||| FLEEEEING.
 11008 | D:6      | 11008 ||| FLEEEEING.
 11019 | D:6      | 11019 ||| FLEEEEING.
 11030 | D:6      | 11030 ||| FLEEEEING.
 11041 | D:6      | 11041 ||| FLEEEEING.
 11052 | D:6      | 11052 ||| FLEEEEING.
 11063 | D:6      | 11063 ||| FLEEEEING.
 11074 | D:6      | 11074 ||| FLEEEEING.
 11085 | D:6      | 11085 ||| FLEEEEING.
 11096 | D:6      | 11096 ||| FLEEEEING.
 11107 | D:6      | 11107 ||| FLEEEEING.
 11118 | D:6      | 11118 ||| FLEEEEING.
 11129 | D:6      | 11129 ||| FLEEEEING.
 11140 | D:6      | 11140 ||| FLEEEEING.
 11151 | D:6      | 11151 ||| FLEEEEING.
 11162 | D:6      | 11162 ||| FLEEEEING.
 11173 | D:6      | 11173 ||| FLEEEEING.
 11184 | D:6      | 11184 ||| FLEEEEING.
 11195 | D:6      | 11195 ||| FLEEEEING.
 11206 | D:6      | 11206 ||| FLEEEEING.
 11217 | D:6      | 11217 ||| FLEEEEING.
 11228 | D:6      | 11228 ||| FLEEEEING.
 11239 | D:6      | 11239 ||| FLEEEEING.
 11250 | D:6      | 11250 ||| FLEEEEING.
 11261 | D:6      | 11261 ||| FLEEEEING.
 11272 | D:6      | 11272 ||| FLEEEEING.
 11283 | D:6      | 11283 ||| FLEEEEING.
 11294 | D:6      | 11294 ||| FLEEEEING.
 11305 | D:6      | 11305 ||| FLEEEEING.
 11316 | D:6      | 11316 ||| FLEEEEING.
 11327 | D:6      | 11327 ||| FLEEEEING.
 11338 | D:6      | 11338 ||| FLEEEEING.
 11349 | D:6      | 11349 ||| FLEEEEING.
 11360 | D:6      | 11360 ||| FLEEEEING.
 11371 | D:6      | 11371 ||| FLEEEEING.
 11382 | D:6      | 11382 ||| FLEEEEING.
 11393 | D:6      | 11393 ||| FLEEEEING.
 11404 | D:6      | 11404 ||| FLEEEEING.
 11415 | D:6      | 11415 ||| FLEEEEING.
 11426 | D:6      | 11426 ||| FLEEEEING.
 11437 | D:6      | 11437 ||| FLEEEEING.
 11448 | D:6      | 11448 ||| FLEEEEING.
 11459 | D:6      | 11459 ||| FLEEEEING.
 11470 | D:6      | 11470 ||| FLEEEEING.
 11481 | D:6      | 11481 ||| FLEEEEING.
 11492 | D:6      | 11492 ||| FLEEEEING.
 11503 | D:6      | 11503 ||| FLEEEEING.
 11514 | D:6      | 11514 ||| FLEEEEING.
 11525 | D:6      | 11525 ||| FLEEEEING.
 11536 | D:6      | 11536 ||| FLEEEEING.
 11547 | D:6      | 11547 ||| FLEEEEING.
 11558 | D:6      | 11558 ||| FLEEEEING.
 11569 | D:6      | 11569 ||| FLEEEEING.
 11580 | D:6      | 11580 ||| FLEEEEING.
 11591 | D:6      | 11591 ||| FLEEEEING.
 11602 | D:6      | 11602 ||| FLEEEEING.
 11613 | D:6      | 11613 ||| FLEEEEING.
 11624 | D:6      | 11624 ||| FLEEEEING.
 11635 | D:6      | 11635 ||| FLEEEEING.
 11646 | D:6      | 11646 ||| FLEEEEING.
 11657 | D:6      | 11657 ||| FLEEEEING.
 11668 | D:6      | 11668 ||| FLEEEEING.
 11679 | D:6      | 11679 ||| FLEEEEING.
 11690 | D:6      | 11690 ||| FLEEEEING.
 11701 | D:6      | 11701 ||| FLEEEEING.
 11712 | D:6      | 11712 ||| FLEEEEING.
 11723 | D:6      | 11723 ||| FLEEEEING.
 11734 | D:6      | 11734 ||| FLEEEEING.
 11745 | D:6      | 11745 ||| FLEEEEING.
 11756 | D:6      | 11756 ||| FLEEEEING.
 11767 | D:6      | 11767 ||| FLEEEEING.
 11778 | D:6      | 11778 ||| FLEEEEING.
 11789 | D:6      | 11789 ||| FLEEEEING.
 11800 | D:6      | 11800 ||| FLEEEEING.
 11811 | D:6      | 11811 ||| FLEEEEING.
 11822 | D:6      | 11822 ||| FLEEEEING.
 11833 | D:6      | 11833 ||| FLEEEEING.
 11844 | D:6      | 11844 ||| FLEEEEING.
 11855 | D:6      | 11855 ||| FLEEEEING.
 11866 | D:6      | 11866 ||| FLEEEEING.
 11877 | D:6      | 11877 ||| FLEEEEING.
 11888 | D:6      | 11888 ||| FLEEEEING.
 11899 | D:6      | 11899 ||| FLEEEEING.
 11910 | D:6      | 11910 ||| FLEEEEING.
 11921 | D:6      | 11921 ||| FLEEEEING.
 11932 | D:6      | 11932 ||| FLEEEEING.
 11943 | D:6      | 11943 ||| FLEEEEING.
 11954 | D:6      | 11954 ||| FLEEEEING.
 11965 | D:6      | 11965 ||| FLEEEEING.
 11976 | D:6      | 11976 ||| FLEEEEING.
 11987 | D:6      | 11987 ||| FLEEEEING.
 11998 | D:6      | 11998 ||| FLEEEEING.
 12009 | D:6      | 12009 ||| FLEEEEING.
 12020 | D:6      | 12020 ||| FLEEEEING.
 12031 | D:6      | 12031 ||| FLEEEEING.
 12042 | D:6      | 12042 ||| FLEEEEING.
 12053 | D:6      | 12053 ||| FLEEEEING.
 12064 | D:6      | 12064 ||| FLEEEEING.
 12075 | D:6      | 12075 ||| FLEEEEING.
 12086 | D:6      | 12086 ||| FLEEEEING.
 12097 | D:6      | 12097 ||| FLEEEEING.
 12108 | D:6      | 12108 ||| FLEEEEING.
 12119 | D:6      | 12119 ||| FLEEEEING.
 12130 | D:6      | 12130 ||| FLEEEEING.
 12141 | D:6      | 12141 ||| FLEEEEING.
 12152 | D:6      | 12152 ||| FLEEEEING.
 12163 | D:6      | 12163 ||| FLEEEEING.
 12174 | D:6      | 12174 ||| FLEEEEING.
 12185 | D:6      | 12185 ||| FLEEEEING.
 12196 | D:6      | 12196 ||| FLEEEEING.
 12207 | D:6      | 12207 ||| FLEEEEING.
 12218 | D:6      | 12218 ||| FLEEEEING.
 12229 | D:6      | 12229 ||| FLEEEEING.
 12240 | D:6      | 12240 ||| FLEEEEING.
 12251 | D:6      | 12251 ||| FLEEEEING.
 12262 | D:6      | 12262 ||| FLEEEEING.
 12273 | D:6      | 12273 ||| FLEEEEING.
 12284 | D:6      | 12284 ||| FLEEEEING.
 12295 | D:6      | 12295 ||| FLEEEEING.
 12306 | D:6      | 12306 ||| FLEEEEING.
 12317 | D:6      | 12317 ||| FLEEEEING.
 12328 | D:6      | 12328 ||| FLEEEEING.
 12339 | D:6      | 12339 ||| FLEEEEING.
 12350 | D:6      | 12350 ||| FLEEEEING.
 12361 | D:6      | 12361 ||| FLEEEEING.
 12372 | D:6      | 12372 ||| FLEEEEING.
 12383 | D:6      | 12383 ||| FLEEEEING.
 12394 | D:6      | 12394 ||| FLEEEEING.
 12405 | D:6      | 12405 ||| FLEEEEING.
 12416 | D:6      | 12416 ||| FLEEEEING.
 12427 | D:6      | 12427 ||| FLEEEEING.
 12438 | D:6      | 12438 ||| FLEEEEING.
 12449 | D:6      | 12449 ||| FLEEEEING.
 12460 | D:6      | 12460 ||| FLEEEEING.
 12471 | D:6      | 12471 ||| FLEEEEING.
 12482 | D:6      | 12482 ||| FLEEEEING.
 12493 | D:6      | 12493 ||| FLEEEEING.
 12504 | D:6      | 12504 ||| FLEEEEING.
 12515 | D:6      | 12515 ||| FLEEEEING.
 12526 | D:6      | 12526 ||| FLEEEEING.
 12537 | D:6      | 12537 ||| FLEEEEING.
 12548 | D:6      | 12548 ||| FLEEEEING.
 12559 | D:6      | 12559 ||| FLEEEEING.
 12570 | D:6      | 12570 ||| FLEEEEING.
 12581 | D:6      | 12581 ||| FLEEEEING.
 12592 | D:6      | 12592 ||| FLEEEEING.
 12603 | D:6      | 12603 ||| FLEEEEING.
 12614 | D:6      | 12614 ||| FLEEEEING.
 12625 | D:6      | 12625 ||| FLEEEEING.
 12636 | D:6      | 12636 ||| FLEEEEING.
 12647 | D:6      | 12647 ||| FLEEEEING.
 12658 | D:6      | 12658 ||| FLEEEEING.
 12669 | D:6      | 12669 ||| FLEEEEING.
 12680 | D:6      | 12680 ||| FLEEEEING.
 12691 | D:6      | 12691 ||| FLEEEEING.
 12702 | D:6      | 12702 ||| FLEEEEING.
 12713 | D:6      | 12713 ||| FLEEEEING.
 12724 | D:6      | 12724 ||| FLEEEEING.
 12735 | D:6      | 12735 ||| FLEEEEING.
 12746 | D:6      | 12746 ||| FLEEEEING.
 12757 | D:6      | 12757 ||| FLEEEEING.
 12768 | D:6      | 12768 ||| FLEEEEING.
 12779 | D:6      | 12779 ||| FLEEEEING.
 12790 | D:6      | 12790 ||| FLEEEEING.
 12801 | D:6      | 12801 ||| FLEEEEING.
 12812 | D:6      | 12812 ||| FLEEEEING.
 12823 | D:6      | 12823 ||| FLEEEEING.
 12834 | D:6      | 12834 ||| FLEEEEING.
 12845 | D:6      | 12845 ||| FLEEEEING.
 12856 | D:6      | 12856 ||| FLEEEEING.
 12867 | D:6      | 12867 ||| FLEEEEING.
 12878 | D:6      | 12878 ||| FLEEEEING.
 12889 | D:6      | 12889 ||| FLEEEEING.
 12900 | D:6      | 12900 ||| FLEEEEING.
 12911 | D:6      | 12911 ||| FLEEEEING.
 12922 | D:6      | 12922 ||| FLEEEEING.
 12933 | D:6      | 12933 ||| FLEEEEING.
 12944 | D:6      | 12944 ||| FLEEEEING.
 12955 | D:6      | 12955 ||| FLEEEEING.
 12966 | D:6      | 12966 ||| FLEEEEING.
 12977 | D:6      | 12977 ||| FLEEEEING.
 12988 | D:6      | 12988 ||| FLEEEEING.
 12999 | D:6      | 12999 ||| FLEEEEING.
 13010 | D:6      | 13010 ||| FLEEEEING.
 13021 | D:6      | 13021 ||| FLEEEEING.
 13032 | D:6      | 13032 ||| FLEEEEING.
 13043 | D:6      | 13043 ||| FLEEEEING.
 13054 | D:6      | 13054 ||| FLEEEEING.
 13065 | D:6      | 13065 ||| FLEEEEING.
 13076 | D:6      | 13076 ||| FLEEEEING.
 13087 | D:6      | 13087 ||| FLEEEEING.
 13098 | D:6      | 13098 ||| FLEEEEING.
 13109 | D:6      | 13109 ||| FLEEEEING.
 13120 | D:6      | 13120 ||| FLEEEEING.
 13131 | D:6      | 13131 ||| FLEEEEING.
 13142 | D:6      | 13142 ||| FLEEEEING.
 13153 | D:6      | 13153 ||| FLEEEEING.
 13164 | D:6      | 13164 ||| FLEEEEING.
 13175 | D:6      | 13175 ||| FLEEEEING.
 13186 | D:6      | 13186 ||| FLEEEEING.
 13197 | D:6      | 13197 ||| FLEEEEING.
 13208 | D:6      | 13208 ||| FLEEEEING.
 13219 | D:6      | 13219 ||| FLEEEEING.
 13230 | D:6      | 13230 ||| FLEEEEING.
 13241 | D:6      | 13241 ||| FLEEEEING.
 13252 | D:6      | 13252 ||| FLEEEEING.
 13263 | D:6      | 13263 ||| FLEEEEING.
 13274 | D:6      | 13274 ||| FLEEEEING.
 13285 | D:6      | 13285 ||| FLEEEEING.
 13296 | D:6      | 13296 ||| FLEEEEING.
 13307 | D:6      | 13307 ||| FLEEEEING.
 13318 | D:6      | 13318 ||| FLEEEEING.
 13329 | D:6      | 13329 ||| FLEEEEING.
 13340 | D:6      | 13340 ||| FLEEEEING.
 13351 | D:6      | 13351 ||| FLEEEEING.
 13362 | D:6      | 13362 ||| FLEEEEING.
 13373 | D:6      | 13373 ||| FLEEEEING.
 13384 | D:6      | 13384 ||| FLEEEEING.
 13395 | D:6      | 13395 ||| FLEEEEING.
 13406 | D:6      | 13406 ||| FLEEEEING.
 13417 | D:6      | 13417 ||| FLEEEEING.
 13428 | D:6      | 13428 ||| FLEEEEING.
 13439 | D:6      | 13439 ||| FLEEEEING.
 13450 | D:6      | 13450 ||| FLEEEEING.
 13461 | D:6      | 13461 ||| FLEEEEING.
 13472 | D:6      | 13472 ||| FLEEEEING.
 13483 | D:6      | 13483 ||| FLEEEEING.
 13494 | D:6      | 13494 ||| FLEEEEING.
 13505 | D:6      | 13505 ||| FLEEEEING.
 13516 | D:6      | 13516 ||| FLEEEEING.
 13527 | D:6      | 13527 ||| FLEEEEING.
 13538 | D:6      | 13538 ||| FLEEEEING.
 13549 | D:6      | 13549 ||| FLEEEEING.
 13560 | D:6      | 13560 ||| FLEEEEING.
 13571 | D:6      | 13571 ||| FLEEEEING.
 13582 | D:6      | 13582 ||| FLEEEEING.
 13593 | D:6      | 13593 ||| FLEEEEING.
 13604 | D:6      | 13604 ||| FLEEEEING.
 13615 | D:6      | 13615 ||| FLEEEEING.
 13626 | D:6      | 13626 ||| FLEEEEING.
 13637 | D:6      | 13637 ||| FLEEEEING.
 13648 | D:6      | 13648 ||| FLEEEEING.
 13659 | D:6      | 13659 ||| FLEEEEING.
 13670 | D:6      | 13670 ||| FLEEEEING.
 13681 | D:6      | 13681 ||| FLEEEEING.
 13692 | D:6      | 13692 ||| FLEEEEING.
 13703 | D:6      | 13703 ||| FLEEEEING.
 13714 | D:6      | 13714 ||| FLEEEEING.
 13725 | D:6      | 13725 ||| FLEEEEING.
 13736 | D:6      | 13736 ||| FLEEEEING.
 13747 | D:6      | 13747 ||| FLEEEEING.
 13758 | D:6      | 13758 ||| FLEEEEING.
 13769 | D:6      | 13769 ||| FLEEEEING.
 13780 | D:6      | 13780 ||| FLEEEEING.
 13791 | D:6      | 13791 ||| FLEEEEING.
 13802 | D:6      | 13802 ||| FLEEEEING.
 13813 | D:6      | 13813 ||| FLEEEEING.
 13824 | D:6      | 13824 ||| FLEEEEING.
 13835 | D:6      | 13835 ||| FLEEEEING.
 13846 | D:6      | 13846 ||| FLEEEEING.
 13857 | D:6      | 13857 ||| FLEEEEING.
 13868 | D:6      | 13868 ||| FLEEEEING.
 13879 | D:6      | 13879 ||| FLEEEEING.
 13890 | D:6      | 13890 ||| FLEEEEING.
 13901 | D:6      | 13901 ||| FLEEEEING.
 13912 | D:6      | 13912 ||| FLEEEEING.
 13923 | D:6      | 13923 ||| FLEEEEING.
 13934 | D:6      | 13934 ||| FLEEEEING.
 13945 | D:6      | 13945 ||| FLEEEEING.
 13956 | D:6      | 13956 ||| FLEEEEING.
 13967 | D:6      | 13967 ||| FLEEEEING.
 13978 | D:6      | 13978 ||| FLEEEEING.
 13989 | D:6      | 13989 ||| FLEEEEING.
 14000 | D:6      | 14000 ||| FLEEEEING.
 14011 | D:6      | 14011 ||| FLEEEEING.
 14022 | D:6      | 14022 ||| FLEEEEING.
 14033 | D:6      | 14033 ||| FLEEEEING.
 14044 | D:6      | 14044 ||| FLEEEEING.
 14055 | D:6      | 14055 ||| FLEEEEING.
 14066 | D:6      | 14066 ||| FLEEEEING.
 14077 | D:6      | 14077 ||| FLEEEEING.
 14088 | D:6      | 14088 ||| FLEEEEING.
 14099 | D:6      | 14099 ||| FLEEEEING.
 14110 | D:6      | 14110 ||| FLEEEEING.
 14121 | D:6      | 14121 ||| FLEEEEING.
 14132 | D:6      | 14132 ||| FLEEEEING.
 14143 | D:6      | 14143 ||| FLEEEEING.
 14154 | D:6      | 14154 ||| FLEEEEING.
 14165 | D:6      | 14165 ||| FLEEEEING.
 14176 | D:6      | 14176 ||| FLEEEEING.
 14187 | D:6      | 14187 ||| FLEEEEING.
 14198 | D:6      | 14198 ||| FLEEEEING.
 14209 | D:6      | 14209 ||| FLEEEEING.
 14220 | D:6      | 14220 ||| FLEEEEING.
 14231 | D:6      | 14231 ||| FLEEEEING.
 14242 | D:6      | 14242 ||| FLEEEEING.
 14253 | D:6      | 14253 ||| FLEEEEING.
 14264 | D:6      | 14264 ||| FLEEEEING.
 14275 | D:6      | 14275 ||| FLEEEEING.
 14286 | D:6      | 14286 ||| FLEEEEING.
 14297 | D:6      | 14297 ||| FLEEEEING.
 14308 | D:6      | 14308 ||| FLEEEEING.
 14319 | D:6      | 14319 ||| FLEEEEING.
 14330 | D:6      | 14330 ||| FLEEEEING.
 14341 | D:6      | 14341 ||| FLEEEEING.
 14352 | D:6      | 14352 ||| FLEEEEING.
 14363 | D:6      | 14363 ||| FLEEEEING.
 14374 | D:6      | 14374 ||| FLEEEEING.
 14385 | D:6      | 14385 ||| FLEEEEING.
 14396 | D:6      | 14396 ||| FLEEEEING.
 14407 | D:6      | 14407 ||| FLEEEEING.
 14418 | D:6      | 14418 ||| FLEEEEING.
 14429 | D:6      | 14429 ||| FLEEEEING.
 14440 | D:6      | 14440 ||| FLEEEEING.
 14451 | D:6      | 14451 ||| FLEEEEING.
 14462 | D:6      | 14462 ||| FLEEEEING.
 14473 | D:6      | 14473 ||| FLEEEEING.
 14484 | D:6      | 14484 ||| FLEEEEING.
 14495 | D:6      | 14495 ||| FLEEEEING.
 14506 | D:6      | 14506 ||| FLEEEEING.
 14517 | D:6      | 14517 ||| FLEEEEING.
 14528 | D:6      | 14528 ||| FLEEEEING.
 14539 | D:6      | 14539 ||| FLEEEEING.
 14550 | D:6      | 14550 ||| FLEEEEING.
 14561 | D:6      | 14561 ||| FLEEEEING.
 14572 | D:6      | 14572 ||| FLEEEEING.
 14583 | D:6      | 14583 ||| FLEEEEING.
 14594 | D:6      | 14594 ||| FLEEEEING.
 14605 | D:6      | 14605 ||| FLEEEEING.
 14616 | D:6      | 14616 ||| FLEEEEING.
 14627 | D:6      | 14627 ||| FLEEEEING.
 14638 | D:6      | 14638 ||| FLEEEEING.
 14649 | D:6      | 14649 ||| FLEEEEING.
 14660 | D:6      | 14660 ||| FLEEEEING.
 14671 | D:6      | 14671 ||| FLEEEEING.
 14682 | D:6      | 14682 ||| FLEEEEING.
 14693 | D:6      | 14693 ||| FLEEEEING.
 14704 | D:6      | 14704 ||| FLEEEEING.
 14715 | D:6      | 14715 ||| FLEEEEING.
 14726 | D:6      | 14726 ||| FLEEEEING.
 14737 | D:6      | 14737 ||| FLEEEEING.
 14748 | D:6      | 14748 ||| FLEEEEING.
 14759 | D:6      | 14759 ||| FLEEEEING.
 14770 | D:6      | 14770 ||| FLEEEEING.
 14781 | D:6      | 14781 ||| FLEEEEING.
 14792 | D:6      | 14792 ||| FLEEEEING.
 14803 | D:6      | 14803 ||| FLEEEEING.
 14814 | D:6      | 14814 ||| FLEEEEING.
 14825 | D:6      | 14825 ||| FLEEEEING.
 14836 | D:6      | 14836 ||| FLEEEEING.
 14847 | D:6      | 14847 ||| FLEEEEING.
 14858 | D:6      | 14858 ||| FLEEEEING.
 14869 | D:6      | 14869 ||| FLEEEEING.
 14880 | D:6      | 14880 ||| FLEEEEING.
 14891 | D:6      | 14891 ||| FLEEEEING.
 14902 | D:6      | 14902 ||| FLEEEEING.
 14913 | D:6      | 14913 ||| FLEEEEING.
 14924 | D:6      | 14924 ||| FLEEEEING.
 14935 | D:6      | 14935 ||| FLEEEEING.
 14946 | D:6      | 14946 ||| FLEEEEING.
 14957 | D:6      | 14957 ||| FLEEEEING.
 14968 | D:6      | 14968 ||| FLEEEEING.
 14979 | D:6      | 14979 ||| FLEEEEING.
 14990 | D:6      | 14990 ||| FLEEEEING.
 15001 | D:6      | 15001 ||| FLEEEEING.
 15012 | D:6      | 15012 ||| FLEEEEING.
 15023 | D:6      | 15023 ||| FLEEEEING.
 15034 | D:6      | 15034 ||| FLEEEEING.
 15045 | D:6      | 15045 ||| FLEEEEING.
 15056 | D:6      | 15056 ||| FLEEEEING.
 15067 | D:6      | 15067 ||| FLEEEEING.
 15078 | D:6      | 15078 ||| FLEEEEING.
 15089 | D:6      | 15089 ||| FLEEEEING.
 15100 | D:6      | 15100 ||| FLEEEEING.
 15111 | D:6      | 15111 ||| FLEEEEING.
 15122 | D:6      | 15122 ||| FLEEEEING.
 15133 | D:6      | 15133 ||| FLEEEEING.
 15144 | D:6      | 15144 ||| FLEEEEING.
 15155 | D:6      | 15155 ||| FLEEEEING.
 15166 | D:6      | 15166 ||| FLEEEEING.
 15177 | D:6      | 15177 ||| FLEEEEING.
 15188 | D:6      | 15188 ||| FLEEEEING.
 15199 | D:6      | 15199 ||| FLEEEEING.
 15210 | D:6      | 15210 ||| FLEEEEING.
 15221 | D:6      | 15221 ||| FLEEEEING.
 15232 | D:6      | 15232 ||| FLEEEEING.
 15243 | D:6      | 15243 ||| FLEEEEING.
 15254 | D:6      | 15254 ||| FLEEEEING.
 15265 | D:6      | 15265 ||| FLEEEEING.
 15276 | D:6      | 15276 ||| FLEEEEING.
 15287 | D:6      | 15287 ||| FLEEEEING.
 15298 | D:6      | 15298 ||| FLEEEEING.
 15309 | D:6      | 15309 ||| FLEEEEING.
 15320 | D:6      | 15320 ||| FLEEEEING.
 15331 | D:6      | 15331 ||| FLEEEEING.
 15342 | D:6      | 15342 ||| FLEEEEING.
 15353 | D:6      | 15353 ||| FLEEEEING.
 15364 | D:6      | 15364 ||| FLEEEEING.
 15375 | D:6      | 15375 ||| FLEEEEING.
 15386 | D:6      | 15386 ||| FLEEEEING.
 15397 | D:6      | 15397 ||| FLEEEEING.
 15408 | D:6      | 15408 ||| FLEEEEING.
 15412 | D:6      | 15412 ||| qw: Version: 0.3-a-132-g3d54051
 15412 | D:6      | 15412 ||| qw: Game counter: 639
 15412 | D:6      | 15412 ||| qw: Melee chars always use a shield: true
 15412 | D:6      | 15412 ||| qw: God list: Okawaru
 15412 | D:6      | 15412 ||| qw: Allow faded altars: false
 15412 | D:6      | 15412 ||| qw: Do Orc after clearing Dungeon:15 true
 15412 | D:6      | 15412 ||| qw: Do second Lair branch before Depths: true
 15412 | D:6      | 15412 ||| qw: Lair rune preference: random
 15412 | D:6      | 15412 ||| qw: Goals: Normal
 15412 | D:6      | 15412 ||| PLANNING D:1-11
 15412 | D:6      | 15412 ||| STAIRDANCE
 15416 | D:6      | 15416 ||| STAIRDANCE
 15420 | D:6      | 15420 ||| STAIRDANCE
 15424 | D:6      | 15424 ||| STAIRDANCE
 15428 | D:6      | 15428 ||| STAIRDANCE
 15432 | D:6      | 15432 ||| STAIRDANCE
 15436 | D:6      | 15436 ||| STAIRDANCE
 15440 | D:6      | 15440 ||| STAIRDANCE
 15444 | D:6      | 15444 ||| STAIRDANCE
 15448 | D:6      | 15448 ||| STAIRDANCE
 15452 | D:6      | 15452 ||| STAIRDANCE
 15456 | D:6      | 15456 ||| STAIRDANCE
 15460 | D:6      | 15460 ||| STAIRDANCE
 15464 | D:6      | 15464 ||| STAIRDANCE
 15468 | D:6      | 15468 ||| STAIRDANCE
 15472 | D:6      | 15472 ||| STAIRDANCE
 15476 | D:6      | 15476 ||| STAIRDANCE
 15480 | D:6      | 15480 ||| STAIRDANCE
 15484 | D:6      | 15484 ||| STAIRDANCE
 15488 | D:6      | 15488 ||| STAIRDANCE
 15492 | D:6      | 15492 ||| FLEEEEING.
 15504 | D:6      | 15504 ||| FLEEEEING.
 15516 | D:6      | 15516 ||| FLEEEEING.
 15527 | D:6      | 15527 ||| FLEEEEING.
 15538 | D:6      | 15538 ||| FLEEEEING.
 15549 | D:6      | 15549 ||| FLEEEEING.
 15560 | D:6      | 15560 ||| FLEEEEING.
 15571 | D:6      | 15571 ||| FLEEEEING.
 15582 | D:6      | 15582 ||| FLEEEEING.
 15593 | D:6      | 15593 ||| FLEEEEING.
 15604 | D:6      | 15604 ||| FLEEEEING.
 15615 | D:6      | 15615 ||| FLEEEEING.
 15626 | D:6      | 15626 ||| FLEEEEING.
 15637 | D:6      | 15637 ||| FLEEEEING.
 15648 | D:6      | 15648 ||| FLEEEEING.
 15659 | D:6      | 15659 ||| FLEEEEING.
 15670 | D:6      | 15670 ||| FLEEEEING.
 15681 | D:6      | 15681 ||| FLEEEEING.
 15692 | D:6      | 15692 ||| FLEEEEING.
 15703 | D:6      | 15703 ||| FLEEEEING.
 15714 | D:6      | 15714 ||| FLEEEEING.
 15725 | D:6      | 15725 ||| FLEEEEING.
 15736 | D:6      | 15736 ||| FLEEEEING.
 15747 | D:6      | 15747 ||| FLEEEEING.
 15758 | D:6      | 15758 ||| FLEEEEING.
 15769 | D:6      | 15769 ||| FLEEEEING.
 15780 | D:6      | 15780 ||| FLEEEEING.
 15791 | D:6      | 15791 ||| FLEEEEING.
 15802 | D:6      | 15802 ||| FLEEEEING.
 15810 | D:6      | 15810 ||| qw: Version: 0.3-a-132-g3d54051
 15810 | D:6      | 15810 ||| qw: Game counter: 639
 15810 | D:6      | 15810 ||| qw: Melee chars always use a shield: true
 15810 | D:6      | 15810 ||| qw: God list: Okawaru
 15810 | D:6      | 15810 ||| qw: Allow faded altars: false
 15810 | D:6      | 15810 ||| qw: Do Orc after clearing Dungeon:15 true
 15810 | D:6      | 15810 ||| qw: Do second Lair branch before Depths: true
 15810 | D:6      | 15810 ||| qw: Lair rune preference: random
 15810 | D:6      | 15810 ||| qw: Goals: Normal
 15810 | D:6      | 15810 ||| PLANNING D:1-11
 15810 | D:6      | 15810 ||| STAIRDANCE
 15814 | D:6      | 15814 ||| STAIRDANCE
 15818 | D:6      | 15818 ||| STAIRDANCE
 15822 | D:6      | 15822 ||| STAIRDANCE
 15826 | D:6      | 15826 ||| STAIRDANCE
 15830 | D:6      | 15830 ||| STAIRDANCE
 15834 | D:6      | 15834 ||| STAIRDANCE
 15838 | D:6      | 15838 ||| STAIRDANCE
 15842 | D:6      | 15842 ||| STAIRDANCE
 15846 | D:6      | 15846 ||| STAIRDANCE
 15850 | D:6      | 15850 ||| STAIRDANCE
 15854 | D:6      | 15854 ||| STAIRDANCE
 15858 | D:6      | 15858 ||| STAIRDANCE
 15862 | D:6      | 15862 ||| STAIRDANCE
 15866 | D:6      | 15866 ||| STAIRDANCE
 15870 | D:6      | 15870 ||| STAIRDANCE
 15874 | D:6      | 15874 ||| STAIRDANCE
 15878 | D:6      | 15878 ||| STAIRDANCE
 15882 | D:6      | 15882 ||| STAIRDANCE
 15886 | D:6      | 15886 ||| STAIRDANCE
 15890 | D:6      | 15890 ||| FLEEEEING.
 15902 | D:6      | 15902 ||| FLEEEEING.
 15914 | D:6      | 15914 ||| FLEEEEING.
 15925 | D:6      | 15925 ||| FLEEEEING.
 15936 | D:6      | 15936 ||| FLEEEEING.
 15947 | D:6      | 15947 ||| FLEEEEING.
 15958 | D:6      | 15958 ||| FLEEEEING.
 15969 | D:6      | 15969 ||| FLEEEEING.
 15980 | D:6      | 15980 ||| FLEEEEING.
 15991 | D:6      | 15991 ||| FLEEEEING.
 16002 | D:6      | 16002 ||| FLEEEEING.
 16013 | D:6      | 16013 ||| FLEEEEING.
 16024 | D:6      | 16024 ||| FLEEEEING.
 16035 | D:6      | 16035 ||| FLEEEEING.
 16046 | D:6      | 16046 ||| FLEEEEING.
 16057 | D:6      | 16057 ||| FLEEEEING.
 16068 | D:6      | 16068 ||| FLEEEEING.
 16079 | D:6      | 16079 ||| FLEEEEING.
 16090 | D:6      | 16090 ||| FLEEEEING.
 16101 | D:6      | 16101 ||| FLEEEEING.
 16112 | D:6      | 16112 ||| FLEEEEING.
 16123 | D:6      | 16123 ||| FLEEEEING.
 16134 | D:6      | 16134 ||| FLEEEEING.
 16145 | D:6      | 16145 ||| FLEEEEING.
 16156 | D:6      | 16156 ||| FLEEEEING.
 16167 | D:6      | 16167 ||| FLEEEEING.
 16178 | D:6      | 16178 ||| FLEEEEING.
 16189 | D:6      | 16189 ||| FLEEEEING.
 16200 | D:6      | 16200 ||| FLEEEEING.
 16211 | D:6      | 16211 ||| FLEEEEING.
 16222 | D:6      | 16222 ||| FLEEEEING.
 16233 | D:6      | 16233 ||| FLEEEEING.
 16244 | D:6      | 16244 ||| FLEEEEING.
 16255 | D:6      | 16255 ||| FLEEEEING.
 16266 | D:6      | 16266 ||| FLEEEEING.
 16277 | D:6      | 16277 ||| FLEEEEING.
 16288 | D:6      | 16288 ||| FLEEEEING.
 16299 | D:6      | 16299 ||| FLEEEEING.
 16310 | D:6      | 16310 ||| FLEEEEING.
 16321 | D:6      | 16321 ||| FLEEEEING.
 16332 | D:6      | 16332 ||| FLEEEEING.
 16343 | D:6      | 16343 ||| FLEEEEING.
 16354 | D:6      | 16354 ||| FLEEEEING.
 16365 | D:6      | 16365 ||| FLEEEEING.
 16376 | D:6      | 16376 ||| FLEEEEING.
 16387 | D:6      | 16387 ||| FLEEEEING.
 16398 | D:6      | 16398 ||| FLEEEEING.
 16409 | D:6      | 16409 ||| FLEEEEING.
 16420 | D:6      | 16420 ||| FLEEEEING.
 16431 | D:6      | 16431 ||| FLEEEEING.
 16442 | D:6      | 16442 ||| FLEEEEING.
 16453 | D:6      | 16453 ||| FLEEEEING.
 16464 | D:6      | 16464 ||| FLEEEEING.
 16475 | D:6      | 16475 ||| FLEEEEING.
 16486 | D:6      | 16486 ||| FLEEEEING.
 16497 | D:6      | 16497 ||| FLEEEEING.
 16508 | D:6      | 16508 ||| FLEEEEING.
 16519 | D:6      | 16519 ||| FLEEEEING.
 16530 | D:6      | 16530 ||| FLEEEEING.
 16541 | D:6      | 16541 ||| FLEEEEING.
 16552 | D:6      | 16552 ||| FLEEEEING.
 16563 | D:6      | 16563 ||| FLEEEEING.
 16574 | D:6      | 16574 ||| FLEEEEING.
 16585 | D:6      | 16585 ||| FLEEEEING.
 16596 | D:6      | 16596 ||| FLEEEEING.
 16607 | D:6      | 16607 ||| FLEEEEING.
 16618 | D:6      | 16618 ||| FLEEEEING.
 16629 | D:6      | 16629 ||| FLEEEEING.
 16640 | D:6      | 16640 ||| FLEEEEING.
 16651 | D:6      | 16651 ||| FLEEEEING.
 16662 | D:6      | 16662 ||| FLEEEEING.
 16673 | D:6      | 16673 ||| FLEEEEING.
 16684 | D:6      | 16684 ||| FLEEEEING.
 16695 | D:6      | 16695 ||| FLEEEEING.
 16706 | D:6      | 16706 ||| FLEEEEING.
 16717 | D:6      | 16717 ||| FLEEEEING.
 16728 | D:6      | 16728 ||| FLEEEEING.
 16739 | D:6      | 16739 ||| FLEEEEING.
 16750 | D:6      | 16750 ||| FLEEEEING.
 16761 | D:6      | 16761 ||| FLEEEEING.
 16772 | D:6      | 16772 ||| FLEEEEING.
 16783 | D:6      | 16783 ||| FLEEEEING.
 16794 | D:6      | 16794 ||| FLEEEEING.
 16805 | D:6      | 16805 ||| FLEEEEING.
 16816 | D:6      | 16816 ||| FLEEEEING.
 16827 | D:6      | 16827 ||| FLEEEEING.
 16838 | D:6      | 16838 ||| FLEEEEING.
 16849 | D:6      | 16849 ||| FLEEEEING.
 16860 | D:6      | 16860 ||| FLEEEEING.
 16871 | D:6      | 16871 ||| FLEEEEING.
 16882 | D:6      | 16882 ||| FLEEEEING.
 16893 | D:6      | 16893 ||| FLEEEEING.
 16904 | D:6      | 16904 ||| FLEEEEING.
 16915 | D:6      | 16915 ||| FLEEEEING.
 16926 | D:6      | 16926 ||| FLEEEEING.
 16937 | D:6      | 16937 ||| FLEEEEING.
 16948 | D:6      | 16948 ||| FLEEEEING.
 16959 | D:6      | 16959 ||| FLEEEEING.
 16970 | D:6      | 16970 ||| FLEEEEING.
 16981 | D:6      | 16981 ||| FLEEEEING.
 16992 | D:6      | 16992 ||| FLEEEEING.
 17003 | D:6      | 17003 ||| FLEEEEING.
 17014 | D:6      | 17014 ||| FLEEEEING.
 17025 | D:6      | 17025 ||| FLEEEEING.
 17036 | D:6      | 17036 ||| FLEEEEING.
 17047 | D:6      | 17047 ||| FLEEEEING.
 17058 | D:6      | 17058 ||| FLEEEEING.
 17069 | D:6      | 17069 ||| FLEEEEING.
 17080 | D:6      | 17080 ||| FLEEEEING.
 17091 | D:6      | 17091 ||| FLEEEEING.
 17102 | D:6      | 17102 ||| FLEEEEING.
 17113 | D:6      | 17113 ||| FLEEEEING.
 17124 | D:6      | 17124 ||| FLEEEEING.
 17135 | D:6      | 17135 ||| FLEEEEING.
 17146 | D:6      | 17146 ||| FLEEEEING.
 17157 | D:6      | 17157 ||| FLEEEEING.
 17168 | D:6      | 17168 ||| FLEEEEING.
 17179 | D:6      | 17179 ||| FLEEEEING.
 17190 | D:6      | 17190 ||| FLEEEEING.
 17195 | D:6      | 17195 ||| qw: Version: 0.3-a-132-g3d54051
 17195 | D:6      | 17195 ||| qw: Game counter: 639
 17195 | D:6      | 17195 ||| qw: Melee chars always use a shield: true
 17195 | D:6      | 17195 ||| qw: God list: Okawaru
 17195 | D:6      | 17195 ||| qw: Allow faded altars: false
 17195 | D:6      | 17195 ||| qw: Do Orc after clearing Dungeon:15 true
 17195 | D:6      | 17195 ||| qw: Do second Lair branch before Depths: true
 17195 | D:6      | 17195 ||| qw: Lair rune preference: random
 17195 | D:6      | 17195 ||| qw: Goals: Normal
 17195 | D:6      | 17195 ||| PLANNING D:1-11
 17195 | D:6      | 17195 ||| FLEEEEING.
 17196 | D:6      | 17196 ||| STAIRDANCE
 17200 | D:6      | 17200 ||| STAIRDANCE
 17204 | D:6      | 17204 ||| STAIRDANCE
 17208 | D:6      | 17208 ||| STAIRDANCE
 17212 | D:6      | 17212 ||| STAIRDANCE
 17216 | D:6      | 17216 ||| STAIRDANCE
 17220 | D:6      | 17220 ||| STAIRDANCE
 17224 | D:6      | 17224 ||| STAIRDANCE
 17228 | D:6      | 17228 ||| STAIRDANCE
 17232 | D:6      | 17232 ||| STAIRDANCE
 17236 | D:6      | 17236 ||| STAIRDANCE
 17240 | D:6      | 17240 ||| STAIRDANCE
 17244 | D:6      | 17244 ||| STAIRDANCE
 17248 | D:6      | 17248 ||| STAIRDANCE
 17252 | D:6      | 17252 ||| STAIRDANCE
 17256 | D:6      | 17256 ||| STAIRDANCE
 17260 | D:6      | 17260 ||| STAIRDANCE
 17264 | D:6      | 17264 ||| STAIRDANCE
 17268 | D:6      | 17268 ||| STAIRDANCE
 17272 | D:6      | 17272 ||| STAIRDANCE
 17278 | D:6      | 17278 ||| FLEEEEING.
 17290 | D:6      | 17290 ||| FLEEEEING.
 17301 | D:6      | 17301 ||| FLEEEEING.
 17312 | D:6      | 17312 ||| FLEEEEING.
 17323 | D:6      | 17323 ||| FLEEEEING.
 17390 | D:6      | Noticed Menkaure
 17395 | D:6      | 17395 ||| FLEEEEING.
 17396 | D:6      | 17396 ||| FLEEEEING.
 17397 | D:6      | 17397 ||| FLEEEEING.
 17398 | D:6      | 17398 ||| FLEEEEING.
 17399 | D:6      | 17399 ||| FLEEEEING.
 17400 | D:6      | 17400 ||| FLEEEEING.
 17415 | D:6      | 17415 ||| FLEEEEING.
 17416 | D:6      | 17416 ||| FLEEEEING.
 17417 | D:6      | 17417 ||| FLEEEEING.
 17418 | D:6      | 17418 ||| FLEEEEING.
 17420 | D:6      | HP: 12/59 [??? (9)]
 17421 | D:6      | 17421 ||| READING 5 scrolls of teleportation.
 17422 | D:6      | Killed Menkaure
 17423 | D:6      | Reached skill level 7 in Ranged Weapons
 17583 | D:6      | Noticed Edmund
 17596 | D:6      | HP: 14/59 [Edmund/+2 flail of protection (6)]
 17597 | D:6      | Reached XP level 9. HP: 16/65 MP: 0/0
 17597 | D:6      | Learned a level 3 spell: Passwall
 17597 | D:6      | 17597 ||| READING 4 scrolls of teleportation.
 17600 | D:6      | 17600 ||| READING 3 scrolls of teleportation.
 17603 | D:6      | Found a broken altar of Ashenzari.
 17604 | D:6      | 17604 ||| FLEEEEING.
 17778 | D:6      | Reached skill level 6 in Dodging
 17833 | D:6      | Found a hide-covered altar of Uskayaw.
 17896 | D:6      | HP: 16/65 [crimson imp (2)]
 17897 | D:6      | 17897 ||| READING 2 scrolls of teleportation.
 17899 | D:6      | HP: 5/65 [Edmund/+2 flail of protection (5)]
 17902 | D:6      | 17902 ||| READING scroll of teleportation.
 17903 | D:6      | Slain by an orc warrior

Levels and vault maps discovered:
D:1:      dpeg_arrival_tiny_a, layout_loops_ring, serial_park_tiny_pond
D:2:      layout_loops_corners, dreamdust_ecumenical_altar_angels_and_demons,
          uniq_sigmund
D:3:      layout_rooms, mainiacjoe_overflow_24_doors,
          nicolae_qazlal_general_emergency, nicolae_gozag_seed_capital,
          uniq_jessica
D:4:      layout_rooms, minmay_temple_entry_fiery, biasface_ghost_orc_armoury
D:5:      layout_basic, lemuel_doored_altar, nicolae_overflow_hidden_temple,
          kennysheep_decorative_pillar, nicolae_custom_books
D:6:      layout_gridville, amcnicky_altar_gilded, nicolae_uskayaw_suspiria,
          ashenzari_conservatory_becter, minmay_nine_imps, uniq_menkaure,
          uniq_edmund
Temple:   hellmonk_temple_flake

Skill      XL: |  1  2  3  4  5  6  7  8  9 |
---------------+----------------------------+-----
Ranged Weapons | 4 5 7 |  7.8
Fighting       | 5 |  5.2
Dodging        | 3 4 5 6 |  6.0
Stealth        | |  0.7

Action                     |  1- 3 |  4- 6 |  7- 9 || total
---------------------------+-------+-------+-------++-------
   Fire: Shortbow          |    78 |   115 |   243 ||   436
    Use: Scroll            |     3 |     5 |     9 ||    17
         Potion            |     3 |       |     1 ||     4
 Armour: Leather armour    |    12 |       |       ||    12
         Robe              |       |    36 |   107 ||   143
  Dodge: Dodged            |    14 |    50 |   108 ||   172

Table legend:
 A = Non-vault XP
 B = Vault XP
 C = Vault XP percentage of total XP
 D = Non-vault monster count
 E = Vault monster count
 F = Vault count percentage of total count
                 A         B        C        D         E       F
            +---------+---------+-------+---------+---------+-------
      Total |    1867 |     440 |  19.1 |     108 |       3 |   2.7
            +---------+---------+-------+---------+---------+-------
        D:1 |      22 |       0 |   0.0 |      13 |       0 |   0.0
        D:2 |      45 |     231 |  83.7 |      18 |       1 |   5.3
        D:3 |     138 |      37 |  21.1 |      24 |       1 |   4.0
        D:4 |     565 |       0 |   0.0 |      28 |       0 |   0.0
        D:5 |     499 |       0 |   0.0 |      13 |       0 |   0.0
        D:6 |     598 |     172 |  22.3 |      12 |       1 |   7.7
            +---------+---------+-------+---------+---------+-------
